 Dungeon Crawl Stone Soup version 0.19.3-1-g3169bf9 (webtiles) character file.

122 Jynx the Chiller (level 4, -1/30 HPs)
             Began as a Demonspawn Ice Elementalist on Jan 23, 2017.
             Killed by nerve-wracking pain
             ... invoked by Grinder
              (12 damage)
             ... while paralysed by Grinder
             ... on level 3 of the Dungeon.
             The game lasted 00:07:06 (3071 turns).

Jynx the Chiller (Demonspawn Ice Elementalist)      Turns: 3071, Time: 00:07:06

Health: -1/30      AC:  9    Str:  8    XL:     4   Next: 78%
Magic:  6/8        EV:  2    Int: 18    God:
Gold:   112        SH:  0    Dex: 13    Spells: 2 memorised, 5 levels left

rFire  . . .     SeeInvis .     d - +2 dagger (protect)
rCold  . . .     Gourm    .     a - +0 robe
rNeg   . . .     Faith    .     (no shield)
rPois  .         Spirit   .     i - +2 hat
rElec  .         Reflect  .     e - +1 cloak
rCorr  .         Harm     .     m - +0 pair of gloves
MR     .....                    (no boots)
Stlth  ++........               (no amulet)
                                (no ring)
                                g - -3 ring of protection (curse)

@: paralysed, icy armour, slow
A: hooves 1, rot immunity
a: no special abilities


You were on level 3 of the Dungeon.
You were not hungry.

You visited 1 branch of the dungeon, and saw 3 of its levels.

You collected 112 gold pieces.

Inventory:

Hand Weapons
 d - a +2 dagger of protection (weapon)
Armour
 a - a +0 robe (worn)
 e - a +1 cloak (worn)
 i - a +2 hat (worn)
 m - a +0 pair of gloves (worn)
Jewellery
 g - a cursed -3 ring of protection (left hand)
 s - an uncursed ring of see invisible {unknown}
Scrolls
 q - a scroll of magic mapping
 t - 2 scrolls of identify
 v - a scroll of remove curse {unknown}
Potions
 f - a potion of degeneration {unknown}
 h - a potion of might {unknown}
 k - 2 potions of ambrosia
 l - a potion of curing {unknown}
 n - 2 potions of agility {unknown}
 o - 2 potions of invisibility {unknown}
 p - a potion of berserk rage {unknown}
Books
 b - a book of Frost

   Spells                             Type                      Level
   a - Freeze                         Ice                          1
   b - Throw Frost                    Conjuration/Ice              2
   c - Ozocubu's Armour               Charms/Ice                   3
   d - Throw Icicle                   Conjuration/Ice              4
   e - Summon Ice Beast               Ice/Summoning                4
Comestibles
 c - 2 bread rations
 j - a slice of pizza
 r - a beef jerky
 u - 2 chunks of flesh


   Skills:
 + Level 0.0 Short Blades
 - Level 1.7 Dodging
 - Level 1.7 Stealth
 + Level 3.3 Spellcasting
   Level 1.0 Conjurations
 * Level 4.2 Ice Magic


You had 5 spell levels left.
You knew the following spells:

 Your Spells              Type           Power        Failure   Level  Hunger
a - Freeze                Ice            ###.         2%          1    None
b - Ozocubu's Armour      Chrm/Ice       ##......     24%         3    ###....


Dungeon Overview and Level Annotations

Branches:
Dungeon (3/15)

Altars:
Gozag
Okawaru
Qazlal
Vehumet

Annotations:
D:3 Grinder


Innate Abilities, Weirdness & Mutations

You have large cloven feet.
You are immune to rotting.


Message History

Grinder is lightly wounded.
Grinder grins, showing sharp teeth.
Grinder barely misses you.
You barely miss Grinder.
Grinder is lightly wounded.
Grinder hits you.
You writhe in agony.
You barely miss Grinder.
Grinder is lightly wounded.
Grinder hits you.
You writhe in agony.
You closely miss Grinder. Your kick misses Grinder.
Grinder is lightly wounded.
Grinder gestures at you. Pain shoots through your body!
You closely miss Grinder. Your kick misses Grinder.
Grinder is lightly wounded.
Grinder gestures at you.
You suddenly lose the ability to move!
Grinder gestures at you. Pain shoots through your body!
You die...

###### #
.(...#.##
#######........
#..........#
#.#####....#
#.# #@...# #.#
#5...#
#.#####..###
#.....#....#.##
#####.#>.......
#.#<.#.#
#.#)##.#
#.#....#
#.#######


You could see Grinder.

Vanquished Creatures
  3 gnolls (D:2)
  4 adders (D:2)
  An ooze (D:2)
  2 worms (D:2)
  2 dart slugs (D:1)
  2 leopard geckos
  2 giant cockroaches (D:1)
  5 hobgoblins
  6 jackals (D:1)
  4 kobolds
  A quokka (D:3)
  5 bats
  3 goblins (D:2)
  4 rats
44 creatures vanquished.

Notes
Turn   | Place    | Note
-------+----------+-------------------------------------------
     0 | D:1      | Jynx the Demonspawn Ice Elementalist began the quest for the Orb.
     0 | D:1      | Reached XP level 1. HP: 13/13 MP: 3/3
   402 | D:1      | Reached skill level 3 in Ice Magic
   402 | D:1      | Gained mutation: You have large cloven feet. [demonic ancestry]
   402 | D:1      | Reached XP level 2. HP: 19/19 MP: 1/5
  1049 | D:2      | Gained mutation: You are immune to rotting. [demonic ancestry]
  1049 | D:2      | Reached XP level 3. HP: 24/24 MP: 2/6
  1205 | D:2      | Found an iron altar of Okawaru.
  1205 | D:2      | Found a radiant altar of Vehumet.
  1232 | D:2      | Found a faded altar of an unknown god.
  1755 | D:2      | Reached XP level 4. HP: 29/30 MP: 5/8
  1757 | D:2      | Found a stormy altar of Qazlal.
  1952 | D:1      | Learned a level 3 spell: Ozocubu's Armour
  1999 | D:2      | Reached skill level 4 in Ice Magic
  2010 | D:2      | HP: 1/30 [gnoll/flail (5)]
  2476 | D:3      | Noticed Grinder
  2891 | D:3      | Found an opulent altar of Gozag.
  3070 | D:3      | Paralysed by Grinder for 4 turns
  3071 | D:3      | Killed from afar by Grinder

Skill      XL: |  1  2  3  4 |
---------------+-------------+-----
Ice Magic      | 3 4 |  4.2
Spellcasting   | 3 |  3.3
Dodging        | |  1.7
Stealth        | |  1.7
Conjurations   | |  1.0

Action                   |  1- 3 |  4- 6 || total
-------------------------+-------+-------++-------
Melee: Dagger            |    50 |    60 ||   110
       Kick              |     8 |    13 ||    21
 Cast: Freeze            |    47 |    16 ||    63
       Ozocubu's Armour  |       |     4 ||     4
  Use: Scroll            |     9 |       ||     9
 Stab: Sleeping          |     1 |     1 ||     2
  Eat: Chunk             |     3 |     4 ||     7
Armor: Robe              |    26 |    19 ||    45
Dodge: Dodged            |    51 |    37 ||    88
